 Dungeon Crawl Stone Soup version 0.28-a0-1524-ge72afd5fc6 (webtiles) character file.

Game seed: 1243690978461104514

330 fragbeetle the Insei (level 6, -3/50 HPs)
             Began as a Draconian Transmuter on Jan 17, 2022.
             Splashed by a jelly's acid (9 damage)
             ... on level 4 of the Dungeon.
             The game lasted 00:06:54 (3811 turns).

fragbeetle the Insei (Draconian Transmuter)         Turns: 3811, Time: 00:06:56

Health: -3/50      AC: -6    Str: 13    XL:     6   Next: 26%
Magic:  7/9        EV: 20    Int: 13    God:
Gold:   181        SH:  0    Dex: 18    Spells: 5/9 levels left

rFire   . . .      SeeInvis +     - Unarmed
rCold   . . .      Faith    .   (shield currently unavailable)
rNeg    . . .      Spirit   .   (armour unavailable)
rPois   x          Reflect  .   (helmet currently unavailable)
rElec   .          Harm     .   (cloak currently unavailable)
rCorr   .          Rampage  .   (gloves currently unavailable)
Will    .....                   (boots currently unavailable)
Stlth   ++........              (no amulet)
HPRegen 0.16/turn               f - ring of see invisible
MPRegen 0.11/turn               j - +4 ring of protection

@: spider-form (expiring), corroded
A: venomous fangs, AC +6, tiny, unfitting armour, (cold-blooded)
a: End Transformation


You were on level 4 of the Dungeon.
You were a venomous arachnid creature.
You visited 1 branch of the dungeon, and saw 4 of its levels.

You collected 181 gold pieces.

Inventory:

Missiles
 a - 147 stones
Armour
 d - a +0 kite shield
Magical Staves
 c - a staff of death
Jewellery
 e - a ring of magical power
 f - a ring of see invisible (left front leg)
 j - a +4 ring of protection (right front leg)
Wands
 q - a wand of mindburst (19)
 s - a wand of iceblast (4)
Scrolls
 l - 2 scrolls of identify {unknown}
 n - 2 scrolls of fear {unknown}
 o - a scroll of noise {unknown}
 p - a scroll of enchant weapon {unknown}
 r - a scroll of blinking {unknown}
Potions
 b - a potion of resistance {unknown}
 g - 2 potions of degeneration {unknown}
 h - a potion of flight {unknown}
 i - 3 potions of lignification {unknown}
 k - a potion of haste {unknown}
 m - a potion of berserk rage {unknown}


   Skills:
 + Level 2.5 Fighting
 + Level 2.7 Dodging
 * Level 4.4 Unarmed Combat
 - Level 2.0 Spellcasting
 * Level 3.7 Transmutations
 * Level 2.5 Poison Magic


You had 5 spell levels left.
You knew the following spells:

 Your Spells              Type           Power      Damage    Failure   Level
a - Beastly Appendage     Tmut           22%        N/A       16%         1
b - Spider Form           Tmut/Pois      9%         N/A       43%         3

Your spell library contained the following spells:

 Spells                   Type           Power      Damage    Failure   Level
 Wereblood                Tmut           11%        N/A       22%         2
 Slow                     Hex            4%         N/A       47%         1
 Confusing Touch          Hex            1%         N/A       78%         3
 Gell's Gravitas          Tloc           1%         N/A       78%         3
 Teleport Other           Tloc           1%         N/A       78%         3
 Vampiric Draining        Necr           1%         2d6       78%         3
 Ice Form                 Ice/Tmut       6%         N/A       89%         4
 Dispersal                Tloc           0%         N/A       100%        6


Dungeon Overview and Level Annotations

Branches:
Dungeon (4/15)
 Temple: D:4-7

Altars:
Xom


Innate Abilities, Weirdness & Mutations

You are a venomous arachnid creature.
You have poisonous fangs.
You are tiny and dextrous.
Your spellcasting is less reliable in this form.
Your armour is entirely melded.
You are incapable of wielding weapons or throwing items.
((Your plain brown scales are hard. (AC +6)))
You cannot fit into any form of body armour.
((You are cold-blooded and may be slowed by cold attacks.))


Message History

You hear a distant slurping noise. x2
You hear a squelching noise.
You hear a distant slurping noise. x2
A jelly comes into view.
Casting: Beastly Appendage (safe; 5% risk of failure)
Confirm with . or Enter, or press ? or * to list all spells.
You turn into a venomous arachnid creature.
You bite the jelly!
Your front legs burn!
The jelly is moderately wounded.
The jelly hits you but does no damage.
You hit the jelly.
Your front legs burn!
The jelly is moderately wounded.
The jelly misses you.
You hit the jelly but do no damage.
Your front legs burn!
The jelly is moderately wounded.
The jelly barely misses you.
You hit the jelly. The acid corrodes you!
Your front legs burn!
The jelly is heavily wounded.
The jelly completely misses you.
You hit the jelly. The acid corrodes you!
Your front legs burn!
The jelly is severely wounded.
The jelly misses you.
You hit the jelly but do no damage.
Your front legs burn!
The jelly is severely wounded.
Your transformation is almost over.
The jelly hits you.
You are splashed with acid.
* * * LOW HITPOINT WARNING * * *
You see here a +0 spear.
You hit the jelly but do no damage. The acid corrodes you!
Your front legs burn!
* * * LOW HITPOINT WARNING * * *
The jelly is heavily wounded.
The jelly barely misses you.
You hit the jelly but do no damage.
Your front legs burn!
* * * LOW HITPOINT WARNING * * *
The jelly is heavily wounded.
The jelly hits you.
* * * LOW HITPOINT WARNING * * *
You are splashed with acid!
You die...

#.......# #.# #......##
#.# .. #......+ ##.#
...#####...## #..#
#.#...#+#. ##### #.##
##.......#####...####.#
#...........#.#'#......#
##........)##...######.#
+......)Js)......# #.#
##.......##......# #.#
#.......#.......## #.#
####.####.........##.#
... #.......#.##.. ....
##......#.##.. +.....
+......# . #..:.
##...### .... #.#+#


You could see a jelly.

Vanquished Creatures
  Sigmund (D:2)
  An orc wizard (D:4)
  4 gnolls (D:4)
  4 adders
  A worm (D:3)
  4 dart slugs
  3 orcs (D:4)
  6 ball pythons
  5 bats
  3 endoplasms
  A giant cockroach (D:3)
  7 goblins
  2 hobgoblins (D:1)
  2 jackals (D:3)
  5 quokkas
  A frilled lizard (D:3)
  10 kobolds
  5 rats
65 creatures vanquished.

Vanquished Creatures (others)
  A plant (D:3)
  4 toadstools (D:1)
  2 withered plants (D:3)
7 creatures vanquished.

Grand Total: 72 creatures vanquished

Notes
Turn   | Place    | Note
-------+----------+-------------------------------------------
     0 | D:1      | fragbeetle the Draconian Transmuter began the quest for the
                  | Orb.
     0 | D:1      | Reached XP level 1. HP: 16/16 MP: 3/3
   214 | D:1      | Reached XP level 2. HP: 23/23 MP: 3/5
   928 | D:2      | Noticed Sigmund
  1222 | D:2      | Reached XP level 3. HP: 28/28 MP: 4/6
  1226 | D:2      | Learned a level 3 spell: Spider Form
  1853 | D:2      | Killed Sigmund
  1854 | D:2      | Reached skill level 4 in Unarmed Combat
  1854 | D:2      | Reached XP level 4. HP: 22/37 MP: 3/7
  1854 | D:2      | Reached XP level 5. HP: 25/42 MP: 3/8
  2558 | D:3      | Found a large runed translucent door.
  2559 | D:3      | Found a large runed translucent door.
  2561 | D:3      | Found a shimmering altar of Xom.
  2701 | D:3      | Found a faded altar of an unknown god.
  3473 | D:4      | Reached XP level 6. HP: 39/50 MP: 5/9
  3811 | D:4      | Splashed by a jelly's acid

Illustrated notes

Levels and vault maps discovered:
D:1:      ldierk_walled_garden_2, layout_basic, hangedman_decor_growths,
          minmay_tromino_v4_a
D:2:      layout_loops_corners, uniq_sigmund
D:3:      due_chaos_kobolds, layout_loops_ring,
          shapermc_ecumenical_altar_flowoftime
D:4:      nicolae_cairo_tiling_very_big, layout_loops_ring,
          roderic_roman_lattice, due_unseen_surprise

Skill      XL: |  1  2  3 |
---------------+----------+-----
Dodging        | 2 |  2.7
Fighting       | 2 |  2.5
Unarmed Combat | 4 |  4.4
Transmutations | 3 |  3.7
Poison Magic   | 2 |  2.5
Spellcasting   | |  2.0

Action                   |  1- 3 |  4- 6 || total
-------------------------+-------+-------++-------
Melee: Unarmed           |    65 |   105 ||   170
       Kick              |    16 |    18 ||    34
       Headbutt          |    10 |    11 ||    21
       Punch             |     2 |     2 ||     4
       Tailslap          |     3 |    10 ||    13
 Cast: Beastly Appendage |    20 |    26 ||    46
       Spider Form       |     1 |     4 ||     5
 Stab: Sleeping          |     1 |     2 ||     3
Armor: Skin              |    11 |    25 ||    36
Dodge: Dodged            |    51 |    53 ||   104

Table legend: (Time is in decaauts)
 A = Elapsed time spent in this place.
 B = Non-inter-level travel time spent in this place.
 C = Inter-level travel time spent in this place.
 D = Time resting spent in this place.
 E = Time spent auto-exploring this place.
 F = Levels seen in this place.
 G = Mean time per level.
                   A        B        C        D        E       F      G
               +--------+--------+--------+--------+--------+-----+--------+
         Total |   3798 |   3740 |     58 |    585 |   2404 |   4 |  949.5 |
       Dungeon |   3798 |   3740 |     58 |    585 |   2404 |   4 |  949.5 |
               +--------+--------+--------+--------+--------+-----+--------+

Top non-repeatable levels by time:
     D:2: 1222 daAuts
     D:1: 1135 daAuts
     D:3: 1010 daAuts
     D:4: 430 daAuts
